 Dungeon Crawl Stone Soup version 0.26-a0-660-gc07710193c (webtiles) character file.

Game seed: 627554276038866744

11330 snetch the Severer (level 11, 0/145 HPs)
             Began as a Minotaur Berserker on Oct 5, 2020.
             Was a High Priest of Trog.
             Slain by a skeletal warrior
             ... wielding a cursed -2 long sword
              (4 damage)
             ... on level 11 of the Dungeon.
             The game lasted 00:27:40 (10599 turns).

snetch the Severer (Minotaur Berserker)            Turns: 10599, Time: 00:27:41

Health: 0/145      AC: 15    Str: 25    XL:     11   Next: 47%
Magic:  10/10      EV:  8    Int:  4    God:    Trog [*****.]
Gold:   507        SH:  0    Dex: 10    Spells: 10/10 levels left

rFire    . . .     SeeInvis .   a - +3 battleaxe (freeze)
rCold    . . .     Faith    .   (shield currently unavailable)
rNeg     . . .     Spirit   .   t - +0 plate armour
rPois    .         Reflect  .   H - +1 hat
rElec    .         Harm     .   (no cloak)
rCorr    .         Rampage  .   (no gloves)
MR       .....                  (no boots)
Stlth    ..........             (no amulet)
HPRegen  0.34/turn              (no ring)
MPRegen  0.12/turn              (no ring)

@: berserking, very quick
A: retaliatory headbutt, horns 2
a: Berserk, Trog's Hand, Brothers in Arms, Renounce Religion


You were on level 11 of the Dungeon.
You worshipped Trog.
Trog was extremely pleased with you.
You visited 2 branches of the dungeon, and saw 13 of its levels.

You collected 714 gold pieces.
You spent 207 gold pieces at shops.

Inventory:

Hand Weapons
 a - a +3 battleaxe of freezing (weapon)
 k - a +0 hand crossbow
 w - a +3 quarterstaff of chaos
 B - a +0 trident
 F - a +2 morningstar of draining
 I - a +5 spear
 K - a +1 vorpal shortbow
 N - a +1 battleaxe of electrocution
 O - a +4 hunting sling
 Q - a +4 falchion
 T - a +2 shortbow of flaming
 U - a +5 long sword
 V - a +7 antimagic glaive
Missiles
 c - 265 stones
 e - 18 boomerangs
 j - 276 arrows
 m - 66 bolts
 p - 66 sling bullets
 u - 33 poisoned darts (quivered)
 y - 8 javelins
 z - a throwing net
Armour
 o - a +0 kite shield
 t - a +0 plate armour (worn)
 H - a +1 hat (worn)
 M - a scarf of harm
Jewellery
 J - an uncursed amulet of reflection {unknown}
 L - an uncursed amulet of guardian spirit
Wands
 v - a wand of flame (15)
 G - a wand of paralysis (17)
 P - a wand of digging (5)
Scrolls
 b - 3 scrolls of magic mapping
 f - 5 scrolls of teleportation {unknown}
 h - 2 scrolls of enchant armour
 i - 2 scrolls of fear {unknown}
 n - 6 scrolls of enchant weapon {unknown}
 q - 7 scrolls of remove curse
 r - a scroll of vulnerability
 D - 3 scrolls of blinking
 E - a scroll of fog
Potions
 d - 4 potions of flight
 g - a potion of lignification
 l - 5 potions of curing {unknown}
 s - 2 potions of haste
 x - a potion of ambrosia
 A - 2 potions of might
 C - a potion of cancellation
 R - 3 potions of mutation {unknown}
Miscellaneous
 S - a condenser vane (2/2)


   Skills:
 + Level 9.1 Fighting
 * Level 17.0 Axes
 + Level 9.2 Armour
 + Level 3.4 Dodging
 + Level 0.4 Stealth


You had 10 spell levels left.
You didn't know any spells.
Your spell library contained the following spells:

 Spells                   Type           Power        Failure   Level
 Animate Skeleton         Necr           #.....       99%         1
 Apportation              Tloc           #.....       99%         1
 Beastly Appendage        Tmut           #.....       99%         1
 Corona                   Hex            #......      99%         1
 Summon Small Mammal      Summ           #...         99%         1
 Wereblood                Tmut           #.......     100%        2
 Confusing Touch          Hex            #.......     100%        3
 Gell's Gravitas          Tloc           #.........   100%        3
 Spider Form              Tmut/Pois      #.........   100%        3
 Ice Form                 Ice/Tmut       #.......     100%        4
 Petrify                  Tmut/Erth      #.......     100%        4
 Blade Hands              Tmut           #.........   100%        5
 Metabolic Englaciation   Hex/Ice        #.........   100%        5
 Yara's Violent Unravell  Hex/Tmut       #.........   100%        5


Dungeon Overview and Level Annotations

Branches:
Dungeon (12/15)            Temple (1/1) D:7            Lair (0/6) D:8
    Orc: D:9-12

Altars:
Ashenzari
Cheibriados
Dithmenos
Elyvilon
Fedhas
Gozag
Hepliaklqana
Kikubaaqudgha
Makhleb
Nemelex Xobeh
Okawaru
Qazlal
Ru
Sif Muna
Trog
Uskayaw
Vehumet
Wu Jian
Xom
Yredelemnul
Zin
The Shining One

Shops:
D:5 [*(?

Annotations:
D:10 deep water


Innate Abilities, Weirdness & Mutations

You reflexively headbutt those who attack you in melee.
You have a pair of horns on your head.


Message History

The skeletal warrior closely misses you. x2
Unknown command.
You barely miss the skeletal warrior. You headbutt the skeletal warrior.
The skeletal warrior is severely damaged.
You closely miss the skeletal warrior.
The skeletal warrior hits you with a +0 mace!!
* * * LOW HITPOINT WARNING * * *
Unknown command.
A red film seems to cover your vision as you go berserk!
You feel yourself moving faster!
You feel mighty!
The skeletal warrior hits you with a cursed -2 long sword.
* * * LOW HITPOINT WARNING * * *
The skeletal warrior hits you with a +0 mace!
* * * LOW HITPOINT WARNING * * *
You hit the skeletal warrior but do no damage.
You headbutt the skeletal warrior!!
The skeletal warrior is almost destroyed.
You barely miss the skeletal warrior.
The skeletal warrior hits you with a cursed -2 long sword.
You die...

####### #.#.....####
##..........###
.......)†.....# #.# .#
##.#####z#....# #.##.#
#z@....#### #...#.
#.....).... #..#.#
##.....### #..#.# ##...##
#..#.# ##..#
.....#############..##
...........#..)†)....###
...#######.#....)........
..))# #.....†###........


You could see 2 skeletal warriors.

Vanquished Creatures
  Gastronok (D:8)
  A boulder beetle (D:11)
  A skeletal warrior (D:11)
  The ghost of smeego the Slasher, a novice OpFi (D:8)
  A centaur skeleton (D:11)
  2 trolls
  Sigmund (D:6)
  10 yaks
  2 wraiths (D:10)
  Menkaure (D:7)
  4 orc warriors
  3 ice beasts
  3 sky beasts
  2 black bears
  10 ogres
  2 phantoms
  2 necrophages
  6 centaurs
  A big kobold (D:11)
  7 bullfrogs
  4 scorpions
  10 wights
  3 electric eels (D:10)
  A bullfrog zombie (D:10)
  A centaur zombie (D:6)
  7 orc wizards
  Crazy Yiuf (D:3)
  6 orc priests
  4 hounds
  3 jellies
  2 bullfrog skeletons
  2 iguanas
  11 worker ants
  2 hound skeletons
  A howler monkey zombie (D:4)
  6 gnolls
  2 worker ant zombies
  9 adders
  5 shadow imps
  4 white imps
  A worker ant simulacrum (D:8)
  2 ufetubi
  2 oozes
  An adder zombie (D:9)
  3 adder skeletons
  A worm (D:2)
  3 dart slugs
  10 leopard geckos
  33 orcs
  7 giant cockroaches
  6 goblins
  11 hobgoblins
  11 jackals
  3 quokkas
  A ball python (D:4)
  7 bats
  6 frilled lizards
  14 kobolds
  A leopard gecko zombie (D:9)
  2 quokka skeletons
  5 rats
275 creatures vanquished.

Vanquished Creatures (others)
  A centaur skeleton (D:8)
  An orc (D:3)
  5 fungi (D:3)
7 creatures vanquished.

Grand Total: 282 creatures vanquished

Notes
Turn   | Place    | Note
-------+----------+-------------------------------------------
     0 | D:1      | snetch the Minotaur Berserker began the quest for the Orb.
     0 | D:1      | Reached XP level 1. HP: 19/19 MP: 0/0
   128 | D:2      | Reached XP level 2. HP: 26/27 MP: 1/1
   134 | D:2      | Reached skill level 4 in Axes
   216 | D:3      | Reached XP level 3. HP: 13/34 MP: 2/2
   565 | D:1      | Reached ** piety under Trog
   657 | D:1      | Reached XP level 4. HP: 41/41 MP: 3/3
  1443 | D:2      | Reached skill level 5 in Axes
  1882 | D:3      | Found a runed translucent door.
  1883 | D:3      | Noticed Crazy Yiuf
  1895 | D:3      | Killed Crazy Yiuf
  1895 | D:3      | Reached XP level 5. HP: 19/47 MP: 4/4
  2434 | D:5      | Entered Level 5 of the Dungeon
  2460 | D:4      | Reached skill level 6 in Axes
  2526 | D:6      | Reached skill level 5 in Fighting
  2526 | D:6      | Reached XP level 6. HP: 52/56 MP: 5/5
  2637 | D:5      | Noticed an ice beast
  2644 | D:5      | Killed an ice beast
  2644 | D:5      | Reached *** piety under Trog
  2644 | D:5      | Reached skill level 7 in Axes
  3212 | D:5      | Found Batiecw's Armour Shoppe.
  3235 | D:5      | Found Beuj's Magic Scroll Boutique.
  3241 | D:5      | Bought a scroll of remove curse for 36 gold pieces
  3241 | D:5      | Bought a scroll of identify for 24 gold pieces
  3241 | D:5      | Bought a scroll of fog for 24 gold pieces
  3241 | D:5      | Bought a scroll of blinking for 90 gold pieces
  3344 | D:5      | Found Eckel's Antique Weapon Boutique.
  3529 | D:5      | Found Ithruriu's General Store.
  3532 | D:5      | Bought a potion of lignification for 33 gold pieces
  3663 | D:7      | Noticed an ice beast
  3668 | D:7      | Killed an ice beast
  3668 | D:7      | Reached XP level 7. HP: 61/61 MP: 6/6
  3673 | D:7      | Reached skill level 8 in Axes
  3704 | D:6      | Reached skill level 5 in Armour
  3766 | D:6      | Found an iron altar of Okawaru.
  3904 | D:6      | Noticed Sigmund
  3916 | D:6      | Killed Sigmund
  3916 | D:6      | Reached skill level 9 in Axes
  3916 | D:6      | Reached XP level 8. HP: 67/69 MP: 7/7
  3980 | D:7      | Noticed Menkaure
  3989 | D:7      | Killed Menkaure
  4141 | D:6      | Reached skill level 10 in Axes
  4210 | D:6      | Found a glowing golden altar of the Shining One.
  4965 | D:7      | Found the +4 dagger "Morg" {pain, MR+ Int+5}
  4987 | D:7      | Reached skill level 11 in Axes
  4989 | D:7      | Found a staircase to the Ecumenical Temple.
  5030 | Temple   | Entered the Ecumenical Temple
  5445 | D:7      | Reached XP level 9. HP: 74/77 MP: 8/8
  5498 | D:7      | Reached **** piety under Trog
  6062 | D:7      | Reached skill level 12 in Axes
  6384 | D:8      | Noticed Gastronok
  6397 | D:8      | Killed Gastronok
  6397 | D:8      | Reached skill level 14 in Axes
  6397 | D:8      | Reached XP level 10. HP: 22/86 MP: 9/9
  6424 | D:8      | Found a staircase to the Lair.
  6854 | D:8      | Found a transporter.
  6913 | D:8      | Found a transporter.
  6913 | D:8      | Noticed smeego's ghost (novice OpFi)
  6928 | D:8      | Killed smeego's ghost
  7550 | D:9      | Reached ***** piety under Trog
  7551 | D:9      | Reached skill level 15 in Axes
  7769 | D:10     | Entered Level 10 of the Dungeon
  8612 | D:10     | Reached XP level 11. HP: 73/95 MP: 10/10
  8617 | D:10     | Reached skill level 16 in Axes
 10187 | D:11     | Received a gift from Trog
 10354 | D:11     | Noticed a boulder beetle
 10376 | D:11     | Killed a boulder beetle
 10569 | D:11     | Noticed a skeletal warrior
 10576 | D:11     | Killed a skeletal warrior
 10576 | D:11     | Reached skill level 17 in Axes
 10578 | D:11     | Noticed a skeletal warrior
 10579 | D:11     | Noticed a skeletal warrior
 10598 | D:11     | HP: 4/145 [skeletal warrior/+0 mace[a skeletal warrior]
                  | (8)]
 10599 | D:11     | Slain by a skeletal warrior

Illustrated notes

Levels and vault maps discovered:
D:1:      dpeg_arrival_snail, layout_basic
D:2:      minmay_evil_eye, layout_basic
D:3:      layout_basic, minmay_misc_feat_room, uniq_crazy_yiuf_cottage
D:4:      layout_loops_ring, hangedman_abyss_or_decor_lesser_grid
D:5:      layout_basic, serial_shops, nicolae_shop_behind_doors, shop, shop,
          shop
D:6:      layout_basic, okawaru_ov_weapons_minmay, serial_glass,
          glass_columns_c, glass_columns_c, glass_columns_b, glass_columns_a,
          roderic_roman_lattice, tso_altar, uniq_sigmund
D:7:      layout_basic, minmay_temple_entry_stoned_glass, uniq_menkaure
D:8:      layout_loops_corners, lair_entry_dummy, gammafunk_ghost_mausoleum,
          dk_noncrumbling_4, uniq_gastronok
D:9:      layout_basic
D:10:     layout_basic
D:11:     minmay_angry_zag, layout_loops_ring
D:12:     minmay_statue_hallways, layout_gridville, orc_david_3, serial_shops,
          shop, minmay_mirror_moons_of_madness
Temple:   nicolae_temple_the_god_donut

Skill      XL: |  1  2  3  4  5  6  7  8  9 10 11 |
---------------+----------------------------------+-----
Fighting       | 4 5 6 7 8 9 |  9.1
Axes           | 4 5 6 7 9 11 14 15 17 | 17.0
Armour         | 3 4 5 6 7 8 9 |  9.2
Dodging        | 3 |  3.4
Stealth        | |  0.4

Action                   |  1- 3 |  4- 6 |  7- 9 | 10-12 || total
-------------------------+-------+-------+-------+-------++-------
Melee: Hand axe          |    57 |   154 |       |       ||   211
       Headbutt          |    11 |    39 |    30 |    50 ||   130
       War axe           |       |    25 |    74 |       ||    99
       Battleaxe         |       |       |    73 |   262 ||   335
Invok: Berserk           |     1 |       |       |     2 ||     3
       Trog's Hand       |       |       |     2 |     2 ||     4
  Use: Scroll            |       |     6 |     2 |     3 ||    11
Armor: Leather armour    |     6 |       |       |       ||     6
       Scale mail        |    12 |     9 |       |       ||    21
       Plate armour      |       |    89 |    87 |   135 ||   311
Dodge: Dodged            |    45 |    60 |    54 |    95 ||   254

Table legend: (Time is in decaauts)
 A = Elapsed time spent in this place.
 B = Non-inter-level travel time spent in this place.
 C = Inter-level travel time spent in this place.
 D = Time resting spent in this place.
 E = Time spent auto-exploring this place.
 F = Levels seen in this place.
 G = Mean time per level.
                   A        B        C        D        E       F      G
               +--------+--------+--------+--------+--------+-----+--------+
         Total |  10673 |  10369 |    304 |     20 |   7280 |  13 |  821.0 |
       Dungeon |  10330 |  10050 |    280 |     20 |   7084 |  12 |  860.8 |
        Temple |    342 |    318 |     24 |      0 |    196 |   1 |  342.0 |
               +--------+--------+--------+--------+--------+-----+--------+

Top non-repeatable levels by time:
    D:10: 1471 daAuts
     D:8: 1352 daAuts
     D:7: 1331 daAuts
     D:1: 934 daAuts
     D:6: 902 daAuts
     D:9: 895 daAuts
     D:2: 789 daAuts
    D:11: 715 daAuts
     D:4: 654 daAuts
     D:3: 652 daAuts
     D:5: 622 daAuts
  Temple: 342 daAuts
    D:12: 8 daAuts
